 Dungeon Crawl Stone Soup version 0.14-a0-2632-gd2f732a (webtiles) character file.

17188 Egon the Fighter (level 12, -5/113 HPs)
             Began as a Green Draconian Berserker on Feb 15, 2014.
             Was a High Priest of Trog.
             Slain by a skeletal warrior
             ... wielding a +1,+0 elven scimitar
              (18 damage)
             ... on Level 13 of the Dungeon.
             The game lasted 00:56:16 (15894 turns).

Egon the Fighter (Green Draconian Berserker)       Turns: 15894, Time: 00:56:18

HP  -5/113       AC  9     Str 19      XL: 12   Next: 10%
MP   4/4         EV 19     Int  9      God: Trog [*****.]
Gold 742         SH  0     Dex 15      Spells:  0 memorised, 11 levels left

rFire  . . .     SeeInvis .     a - +2,+4 broad axe (antimagic) (curse)
rCold  . . .     Clarity  .     (armour unavailable)
rNeg   . . .     Conserve .     (no shield)
rPois  +         rCorr    +     (helmet restricted)
rElec  .         rRot     .     A - +0 cloak
SustAb + .       Spirit   .     (no gloves)
rMut   .         Warding  .     (no boots)
Saprov . . .     Stasis   .     f - amulet of resist corrosion
MR     .....                    (no ring)
                                y - ring of sustain abilities

@: exhausted, slowed, very slow, not resistant to hostile enchantments,
unstealthy
A: breathe noxious fumes, unfitting armour, poison resistance, AC +8
a: Breathe Noxious Fumes, Burn Spellbooks, Berserk, Trog's Hand, Brothers in
Arms, Renounce Religion


You were on level 13 of the Dungeon.
You worshipped Trog.
Trog was extremely pleased with you.
You were hungry.

You visited 3 branches of the dungeon, and saw 15 of its levels.
You also visited: Labyrinth.

You collected 742 gold pieces.

Inventory:

Hand weapons
 a - a cursed +2,+4 anti-magic broad axe (weapon)
Armour
 A - a +0 cloak (worn)
Magical devices
 b - a wand of fire (4)
 e - a wand of digging (13)
 s - a wand of frost (15)
 H - a wand of confusion (7)
 J - a wand of teleportation (4)
Comestibles
 c - 13 cheeses
 l - 2 meat rations
 v - a bread ration
 x - 3 chunks of hippogriff flesh
Scrolls
 g - a scroll of recharging
 k - 2 scrolls of identify
 n - 2 scrolls of fear
 o - a scroll of enchant armour
 p - 6 scrolls of remove curse
 r - a scroll of teleportation
 u - a scroll of blinking
Jewellery
 f - an amulet of resist corrosion (around neck)
 q - an uncursed ring of ice
 t - an uncursed amulet of warding
 y - a ring of sustain abilities (left hand)
Potions
 d - 2 potions of heal wounds
 h - 3 potions of curing
 i - 2 potions of might
 j - a potion of flight
 w - a potion of restore abilities {unknown}
Miscellaneous
 m - a lamp of fire


   Skills:
 + Level 12.8 Fighting
 + Level 11.7 Axes
 + Level 10.8 Dodging


You had 11 spell levels left.
You didn't know any spells.

Dungeon Overview and Level Annotations

Branches:
Dungeon (13/16)            Temple (1/1) D:7             Orc (0/4) D:12
   Lair (1/8) D:8

Altars:
Ashenzari
Cheibriados
Dithmenos
Elyvilon
Fedhas
Kikubaaqudgha
Makhleb
Nemelex Xobeh
Okawaru
Sif Muna
Trog
Vehumet
Xom
Yredelemnul
Zin
The Shining One

Annotations:
D:9 green crystal vault


Innate Abilities, Weirdness & Mutations

You can breathe blasts of noxious fumes.
Your lurid green scales are hard (AC +8).
Your body does not fit into most forms of armour.
Your cold-blooded metabolism reacts poorly to cold.
Your system is resistant to poisons.


Message History

You barely miss the skeletal warrior.
The skeletal warrior hits you with an elven scimitar!
The skeletal warrior closely misses you.
You barely miss the skeletal warrior. You tail-slap the skeletal warrior!
The skeletal warrior is heavily damaged.
You slash the skeletal warrior!
The skeletal warrior is lightly damaged.
You are no longer berserk.
Trog's vigour flows through your veins.
You are exhausted.
You feel yourself slow down.
You are feeling hungry.
Unknown command.
Use which ability? (? or * to list)
Your ogre goes berserk!
You feel somewhat more hungry.
The skeletal warrior hits you with an elven scimitar!
The skeletal warrior hits you with an orcish flail!
* * * LOW HITPOINT WARNING * * *
The skeletal warrior hits you with an elven scimitar!
You die...

... ####[..
.......
........
#.......
......# #....#
#.Ozz# #@# #.#
.########.####
..............#
...##...#....#
#...#...##
#...#...#
#.<.#...#
#...#####


You could see 2 skeletal warriors and a friendly ogre (berserk).

Vanquished Creatures
  A minotaur (Lab)
  The ghost of dsn the Carver, an experienced MiFi of Okawaru (D:10)
  A skeletal warrior (D:13)
  5 hill giants
  2 cyclopes (D:11)
  An octopode (D:10)
  Psyche (D:11)
  A spiny frog (Lair:1)
  A komodo dragon (D:10)
  2 trolls
  A wraith (D:11)
  4 wandering mushrooms (Lab)
  2 wyverns
  3 yaks
  5 hippogriffs
  A deep elf fighter (D:8)
  2 hungry ghosts
  Menkaure (D:5)
  3 wolves (D:10)
  A hill giant skeleton (D:8)
  An orc warrior (D:8)
  A sky beast (D:7)
  2 phantoms
  6 ice beasts
  Sigmund (D:2)
  6 centaurs
  3 giant goldfish (D:10)
  A water moccasin (Lair:1)
  3 ogres
  A big kobold (D:11)
  9 giant frogs
  2 wyvern zombies
  3 agate snails (Lair:1)
  A hippogriff zombie (D:6)
  A giant goldfish zombie (D:7)
  A wyvern skeleton (D:12)
  3 wights (D:6)
  A hippogriff skeleton (D:6)
  A troll zombie (D:9)
  A yak skeleton (D:9)
  An electric eel (D:10)
  2 goliath beetles
  7 hounds
  7 orc priests
  3 jellies
  10 crimson imps
  5 iguanas
  A big fish (D:10)
  8 orc wizards
  2 gnoll shamans
  4 scorpions
  An orange rat (D:7)
  8 worker ants
  8 sheep (Lair:1)
  A killer bee zombie (D:9)
  An ogre zombie (D:7)
  A yak simulacrum (D:10)
  A giant frog simulacrum (D:10)
  Terence (D:3)
  A hound skeleton (D:4)
  11 adders
  A big kobold simulacrum (D:10)
  12 gnolls
  5 green rats
  A hound simulacrum (D:10)
  A giant mite (Lair:1)
  An orc skeleton (D:6)
  A white imp (D:10)
  4 worms
  2 ufetubi (D:10)
  An orc zombie (D:6)
  An adder skeleton (D:8)
  4 grey rats (D:7)
  An iguana zombie (D:8)
  A giant eyeball (D:5)
  2 orc simulacra (D:10)
  3 giant geckos
  24 orcs
  37 bats
  2 bat skeletons (D:4)
  2 bat zombies
  6 giant cockroaches
  10 goblins
  12 hobgoblins
  2 jackals (D:5)
  8 quokkas
  2 ball pythons
  A giant gecko zombie (D:5)
  3 giant newts
  18 kobolds
  A kobold zombie (D:7)
  32 rats
  A rat zombie (D:7)
  A butterfly (D:7)
  2 fungi
376 creatures vanquished.

Vanquished Creatures (collateral kills)
  2 hydras
  A spiny frog (Lair:1)
  A rat (Lair:1)
4 creatures vanquished.

Vanquished Creatures (others)
  A two-headed ogre (D:11)
  An ogre (Lair:1)
  A bat (Lair:1)
  A fungus (D:8)
  3 plants (Lab)
7 creatures vanquished.

Grand Total: 387 creatures vanquished

Notes
Turn   | Place    | Note
--------------------------------------------------------------
     0 | D:1      | Egon, the Draconian Berserker, began the quest for the Orb.
     0 | D:1      | Reached XP level 1. HP: 19/19 MP: 1/1
   188 | D:1      | Reached XP level 2. HP: 25/27 MP: 2/2
   379 | D:1      | Acquired Trog's second power
   882 | D:2      | Noticed Sigmund
   919 | D:2      | Killed Sigmund
   919 | D:2      | Reached skill level 4 in Fighting
   919 | D:2      | Reached XP level 3. HP: 34/34 MP: 3/3
   919 | D:2      | Reached XP level 4. HP: 41/41 MP: 4/4
  1501 | D:3      | Noticed Terence
  1506 | D:3      | Killed Terence
  1506 | D:3      | Reached XP level 5. HP: 47/47 MP: 5/5
  1796 | D:3      | Found a basalt altar of Yredelemnul.
  1797 | D:3      | Found a burning altar of Makhleb.
  1798 | D:3      | Found a radiant altar of Vehumet.
  1813 | D:3      | Found a shattered altar of Ashenzari.
  2105 | D:4      | Noticed a phantom
  2136 | D:4      | Killed a phantom
  2136 | D:4      | Reached skill level 5 in Fighting
  2829 | D:4      | Reached XP level 6. HP: 56/56 MP: 6/6
  3119 | D:4      | Reached skill level 5 in Axes
  3495 | D:4      | Your scales start taking on a lurid green colour.
  3495 | D:4      | Gained mutation: Your system is resistant to poisons. [draconian maturity]
  3495 | D:4      | Reached XP level 7. HP: 53/62 MP: 7/7
  3730 | D:5      | Entered Level 5 of the Dungeon
  3826 | D:4      | Found a glowing golden altar of the Shining One.
  3936 | D:5      | Noticed Menkaure
  3953 | D:5      | Killed Menkaure
  3953 | D:5      | Reached skill level 6 in Fighting
  4122 | D:5      | Reached skill level 5 in Dodging
  4231 | D:5      | Paralysed by a giant eyeball for 4 turns
  4331 | D:5      | Found a bloodstained altar of Trog.
  4875 | D:6      | Acquired Trog's third power
  5043 | D:6      | Reached XP level 8. HP: 71/71 MP: 8/8
  5125 | D:6      | Reached skill level 7 in Fighting
  5534 | D:6      | Found a sparkling altar of Nemelex Xobeh.
  6246 | D:7      | Reached skill level 8 in Fighting
  6395 | D:7      | Found an ancient bone altar of Kikubaaqudgha.
  6557 | D:7      | Found a staircase to the Ecumenical Temple.
  6565 | Temple   | Entered the Ecumenical Temple
  6941 | D:8      | Found a glowing golden altar of the Shining One.
  7033 | D:8      | Reached XP level 9. HP: 43/82 MP: 9/9
  7067 | D:8      | Received a gift from Trog
  7069 | D:8      | Got an iridescent cutlass {god gift}
  7070 | D:8      | Identified the +1,+0 cutlass of Ivvahile {freeze, Noisy rF++ rN+ Dex+2} (Trog gifted it to you on level 8 of the Dungeon)
  7287 | D:8      | Found a staircase to the Lair.
  7840 | D:8      | Reached skill level 9 in Fighting
  8363 | Lair:1   | Entered Level 1 of the Lair of Beasts
  8610 | Lair:1   | Received a gift from Trog
  8725 | Lair:1   | Noticed a spiny frog
  8733 | Lair:1   | Killed a spiny frog
  9083 | Lair:1   | Noticed a spiny frog
  9084 | Lair:1   | Noticed an eight-headed hydra
  9098 | Lair:1   | Killed a spiny frog
  9098 | Lair:1   | Reached XP level 10. HP: 93/93 MP: 3/10
  9591 | Lair:1   | Found a basalt altar of Yredelemnul.
  9593 | Lair:1   | Reached skill level 10 in Fighting
 10161 | Lair:1   | Killed an eight-headed hydra
 10760 | D:9      | Noticed a five-headed hydra
 10779 | D:9      | Killed a six-headed hydra
 11323 | D:10     | Entered Level 10 of the Dungeon
 11323 | D:10     | Noticed dsn's ghost (experienced MiFi)
 11755 | D:10     | Killed dsn's ghost
 11755 | D:10     | Reached skill level 11 in Fighting
 11755 | D:10     | Reached skill level 10 in Axes
 11833 | D:10     | Noticed a hill giant
 11850 | D:10     | Killed a hill giant
 12093 | D:10     | Reached XP level 11. HP: 80/102 MP: 3/11
 12406 | D:10     | Noticed a hill giant
 12414 | D:10     | Killed a hill giant
 12607 | D:10     | Noticed an octopode
 12622 | D:10     | Killed an octopode
 12871 | D:10     | Noticed a hill giant
 12885 | D:10     | Killed a hill giant
 13391 | D:10     | Reached skill level 10 in Dodging
 13405 | D:11     | Noticed Psyche
 13413 | D:11     | Killed Psyche
 13413 | D:11     | Reached skill level 12 in Fighting
 13436 | D:11     | Received a gift from Trog
 14045 | D:11     | Found a blossoming altar of Fedhas.
 14712 | D:12     | Found a labyrinth entrance.
 14739 | Lab      | Entered a labyrinth
 14963 | Lab      | Noticed a minotaur
 14972 | Lab      | Killed a minotaur
 15143 | D:12     | Noticed a hill giant
 15155 | D:12     | Killed a hill giant
 15452 | D:12     | Noticed a hill giant
 15464 | D:12     | Killed a hill giant
 15464 | D:12     | Reached XP level 12. HP: 79/113 MP: 4/12
 15494 | D:12     | Found a staircase to the Orcish Mines.
 15894 | D:13     | Slain by a skeletal warrior

Action                   |  1- 3 |  4- 6 |  7- 9 | 10-12 || total
-------------------------+-------+-------+-------+-------++-------
Melee: Hand axe          |    68 |   149 |       |       ||   217
       War axe           |       |    44 |   469 |       ||   513
       Broad axe         |       |       |    15 |   512 ||   527
Invok: Berserk           |     1 |     4 |    16 |     9 ||    30
       Brothers in Arms  |       |       |     1 |     4 ||     5
       Burn Spellbooks   |       |       |     1 |     1 ||     2
       Trog's Hand       |       |       |       |     1 ||     1
 Abil: Breathe Noxious F |       |       |     6 |    21 ||    27
Evoke: Wand              |       |       |     4 |     6 ||    10
  Use: Scroll            |       |       |    17 |    12 ||    29
 Stab: Confused          |       |       |     3 |    14 ||    17
       Sleeping          |       |       |       |     1 ||     1
